 Dungeon Crawl Stone Soup version 0.17.0-28-g6e173f8 (webtiles) character file.

105 coffecat the Grave Robber (level 4, -12/21 HPs)
             Began as a Vine Stalker Necromancer on Nov 28, 2015.
             Mangled by an ogre
             ... wielding a +0 giant spiked club
              (25 damage)
             ... on level 4 of the Dungeon.
             The game lasted 00:17:10 (2104 turns).

coffecat the Grave Robber (VSNe)                    Turns: 2104, Time: 00:17:10

Health: -12/21     AC:  2    Str: 11    XL:     4   Next: 81%
Magic:  0/9        EV: 12    Int: 16    God:
Gold:   83         SH:  0    Dex: 14    Spells: 4 memorised, 1 level left

rFire  . . .     SeeInvis .     (no weapon)
rCold  . . .     Clarity  .     a - +0 robe
rNeg   . . .     SustAt   .     (no shield)
rPois  .         Gourm    .     (no helmet)
rElec  .         Spirit   +     (no cloak)
rCorr  .         Warding  .     (no gloves)
rMut   .         Stasis   .     (no boots)
MR     .....                    (no amulet)
Stlth  ++........               (no ring)
                                (no ring)

@: not resistant to hostile enchantments, unstealthy
A: fangs 2, regeneration 1, magic shield, antimagic bite, no device heal 3, rot
immunity
a: no special abilities


You were on level 4 of the Dungeon.
You were not hungry.

You visited 1 branch of the dungeon, and saw 4 of its levels.

You collected 83 gold pieces.

Inventory:

Armour
 a - a +0 robe (worn)
Wands
 r - a wand of disintegration (6)
Scrolls
 j - a scroll of amnesia {unknown}
 k - 2 scrolls of identify {unknown}
 l - a scroll of enchant armour {unknown}
 o - a scroll of teleportation {unknown}
Potions
 e - a potion of might {unknown}
 f - a potion of brilliance {unknown}
 i - a potion of poison {unknown}
 n - a potion of resistance {unknown}
 q - a potion of cancellation {unknown}
Books
 b - a book of Necromancy

   Spells                             Type                      Level
   a - Pain                           Necromancy                   1
   b - Animate Skeleton               Necromancy                   1
   c - Vampiric Draining              Necromancy                   3
   d - Regeneration                   Charms/Necromancy            3
   e - Animate Dead                   Necromancy                   4
   f - Control Undead                 Necromancy                   4
Comestibles
 c - 2 bread rations
 g - 2 meat rations
 h - a slice of pizza


   Skills:
   Level 0.6 Axes
 + Level 2.0 Dodging
 * Level 3.4 Stealth
 + Level 3.0 Spellcasting
 * Level 4.8 Necromancy


You had one spell level left.
You knew the following spells:

 Your Spells              Type           Power        Failure   Level  Hunger
a - Pain                  Necr           ###.         2%          1    #......
b - Animate Skeleton      Necr           N/A          2%          1    #......
c - Vampiric Draining     Necr           ###.......   10%         3    ###....
d - Regeneration          Chrm/Necr      ##........   21%         3    ###....


Dungeon Overview and Level Annotations

Branches:
Dungeon (4/15)
 Temple: D:4-7

Altars:

Annotations:
D:4 dvd's ghost, novice HOGl


Innate Abilities, Weirdness & Mutations

You have extremely sharp teeth.
Your natural rate of healing is unusually fast.
When hurt, damage is shared between your health and your magic reserves.
Your bite disrupts and absorbs the magic of your enemies.
Potions and wands cannot restore your health.
You are immune to rotting.


Message History

The ogre barely resists.
The ogre hits you with a giant spiked club!!
Ouch! That really hurt!
* * * LOW HITPOINT WARNING * * *
Casting: Pain
Confirm with . or Enter, or press ? or * to list all spells.
Aiming: Pain
Press: ? - help, Shift-Dir - straight line, f/p - ogre
Aim: an ogre, wielding a giant spiked club (chance to defeat MR: 76%)
The ogre barely resists.
The ogre barely misses you. The ogre closely misses you.
Read which item? (? for menu, Esc to quit)
As you read the scroll labeled NAOTYR HUEBREMO, it crumbles to dust.
The scroll dissolves into smoke.
It was a scroll of fog.
The ogre hits you with a giant spiked club.
You see here a +0 hand axe.
Your magical contamination has completely faded away.
The ogre hits you with a giant spiked club!!
Ouch! That really hurt!
You die...

####..####### ##.##
#..# #### #######.##
##..# #........#
##...# #........##
#....## #.........#
##.....#
##.......O###......#
#......##@#.......##
##.....##.#.....<..#
#....####.........#
##..## #.........#
### ##.......##
#......## ###...##
#####


You could see an ogre.

Vanquished Creatures
  2 worker ants (D:4)
  An adder (D:3)
  2 oozes
  An adder skeleton (D:4)
  A giant gecko (D:1)
  2 orcs
  4 bats
  A giant cockroach (D:1)
  6 hobgoblins
  2 jackals (D:3)
  2 kobolds
  2 giant newts (D:1)
  4 goblins
  4 rats (D:1)
34 creatures vanquished.

Notes
Turn   | Place    | Note
--------------------------------------------------------------
     0 | D:1      | coffecat the Vine Stalker Necromancer began the quest for the Orb.
     0 | D:1      | Reached XP level 1. HP: 9/9 MP: 4/4
   148 | D:1      | Reached XP level 2. HP: 11/13 MP: 0/6
   242 | D:1      | Learned a level 1 spell: Animate Skeleton
   783 | D:1      | Reached XP level 3. HP: 14/16 MP: 3/7
  1118 | D:2      | Learned a level 3 spell: Vampiric Draining
  1841 | D:4      | Reached XP level 4. HP: 15/21 MP: 4/9
  1895 | D:4      | Learned a level 3 spell: Regeneration
  1944 | D:4      | Noticed an ogre
  2061 | D:4      | Noticed dvd's ghost (novice HOGl)
  2104 | D:4      | Mangled by an ogre

Action                   |  1- 3 |  4- 6 || total
-------------------------+-------+-------++-------
Melee: Club              |     4 |       ||     4
       Hand axe          |    23 |     3 ||    26
 Cast: Pain              |    86 |    13 ||    99
       Animate Skeleton  |     3 |       ||     3
  Use: Scroll            |       |     1 ||     1
  Eat: Royal jelly       |     1 |       ||     1
       Beef jerky        |     1 |       ||     1
       Chunk             |     1 |       ||     1
